 Dungeon Crawl Stone Soup version 0.23.2-30-g0e89c35649 (webtiles) character file.

Game seed: 8882665731873355184

187 teukkam the Shield-Bearer (level 5, 0/70 HPs)
             Began as a Minotaur Fighter on June 13, 2019.
             Slain by a gnoll (6 damage)
             ... on level 3 of the Dungeon.
             The game lasted 00:04:31 (1137 turns).

teukkam the Shield-Bearer (Minotaur Fighter)        Turns: 1137, Time: 00:04:34

Health: 0/70       AC:  7    Str: 26    XL:     5   Next: 39%
Magic:  4/4        EV:  8    Int:  5    God:
Gold:   107        SH: 10    Dex: 10    Spells: 4/4 levels left

rFire    . . .     SeeInvis .   a - +2 short sword (venom)
rCold    . . .     Gourm    .   c - +0 shield
rNeg     . . .     Faith    .   b - +0 scale mail
rPois    .         Spirit   .   (helmet restricted)
rElec    .         Reflect  .   (no cloak)
rCorr    .         Harm     .   (no gloves)
MR       .....                  (no boots)
Stlth    ..........             (no amulet)
HPRegen  0.21/turn              q - ring of flight
MPRegen  0.09/turn              (no ring)

@: berserking (expiring), lethally poisoned (0 -> -6), slowed
A: retaliatory headbutt, horns 2
a: Evoke Flight


You were on level 3 of the Dungeon.
You were not hungry.

You visited 1 branch of the dungeon, and saw 3 of its levels.

You collected 107 gold pieces.

Inventory:

Hand Weapons
 a - a +2 short sword of venom (weapon)
 u - a +0 war axe
 v - a +0 blowgun
 x - a +0 hand crossbow
Missiles
 w - 19 poisoned needles
Armour
 b - a +0 scale mail (worn)
 c - a +0 shield (worn)
Jewellery
 q - a ring of flight (left hand)
 t - a +6 ring of intelligence {unknown}
Scrolls
 e - 6 scrolls of remove curse {unknown}
 h - a scroll of blinking {unknown}
 j - a scroll of immolation {unknown}
 l - a scroll of random uselessness {unknown}
 n - a scroll of enchant armour {unknown}
 o - a scroll of fog {unknown}
 p - 3 scrolls of identify {unknown}
Potions
 d - 4 potions of might
 k - a potion of haste {unknown}
 m - a potion of heal wounds {unknown}
 r - a potion of degeneration {unknown}
 s - a potion of magic {unknown}
Comestibles
 f - 6 rations
 g - a chunk of flesh


   Skills:
 + Level 4.5 Fighting
 + Level 0.2 Short Blades
 + Level 4.3 Axes
 + Level 4.6 Armour
 + Level 0.7 Dodging
 + Level 4.8 Shields


You had 4 spell levels left.
You didn't know any spells.
Your spell library was empty.

Dungeon Overview and Level Annotations

Branches:
Dungeon (3/15)

Altars:


Innate Abilities, Weirdness & Mutations

You reflexively headbutt those who attack you in melee.
You have a pair of horns on your head.


Message History

The gnoll hits you but does no damage.
You barely miss the gnoll. You block the gnoll's attack. x2
You hit the gnoll. Your headbutt misses the gnoll.
The gnoll is heavily wounded.
You feel sick. The gnoll closely misses you.
The gnoll hits you but does no damage. You block the gnoll's attack.
You puncture the gnoll!
You kill the gnoll!
The gnoll barely misses you. You furiously retaliate!
You headbutt the gnoll, but do no damage.
The kobold shoots a poisoned needle.
The poisoned needle hits you!
You are lethally poisoned!
You block the gnoll's attack.
You hit the gnoll.
The gnoll is poisoned.
Your headbutt misses the gnoll.
The gnoll is moderately wounded.
* * * LOW HITPOINT WARNING * * *
You feel sick. You block the gnoll's attack.
The kobold shoots a poisoned needle.
You block the poisoned needle. The gnoll hits you.
You die...

...... .......#
.♣.♣.♣. .#..$..
.......####.#.PP♣
.♣.♣.♣...#.....P♣♣♣
.$.........#....PP.
........#.......PP
.......K†.#...#..##
...$..g(#.....##..
.......@#.#..#...#
......#†g....#.####
..##.##...........#
. #.....#........#
...............#
.......#........#
........#........#
.######........# .
#........#


You could see 2 gnolls and a kobold.

Vanquished Creatures
  A centaur skeleton (D:2)
  Natasha (D:3)
  3 adders (D:2)
  3 gnolls
  2 oozes
  2 worms (D:2)
  2 dart slugs (D:1)
  2 leopard geckos (D:2)
  9 bats
  3 giant cockroaches
  8 goblins
  4 hobgoblins
  6 jackals (D:2)
  2 quokkas
  A frilled lizard (D:2)
  4 kobolds
  6 rats
59 creatures vanquished.

Notes
Turn   | Place    | Note
-------+----------+-------------------------------------------
     0 | D:1      | teukkam the Minotaur Fighter began the quest for the Orb.
     0 | D:1      | Reached XP level 1. HP: 19/19 MP: 0/0
    32 | D:1      | Reached XP level 2. HP: 25/27 MP: 1/1
   180 | D:1      | Reached XP level 3. HP: 33/33 MP: 2/2
   407 | D:2      | Reached XP level 4. HP: 39/41 MP: 3/3
   933 | D:2      | Reached XP level 5. HP: 46/47 MP: 4/4
  1112 | D:3      | Noticed Natasha
  1123 | D:3      | Killed Natasha
  1137 | D:3      | Slain by a gnoll

Skill      XL: |  1  2  3  4 |
---------------+-------------+-----
Fighting       | 4 |  4.5
Armour         | 4 |  4.6
Shields        | 4 |  4.8
Axes           | 3 4 |  4.3
Short Blades   | |  0.2
Dodging        | |  0.7

Action                   |  1- 3 |  4- 6 || total
-------------------------+-------+-------++-------
Melee: War axe           |    69 |    47 ||   116
       Headbutt          |     9 |     8 ||    17
       Short sword       |       |    22 ||    22
  Use: Potion            |       |     1 ||     1
  Eat: Chunk             |       |     1 ||     1
Armor: Scale mail        |    38 |    29 ||    67
Dodge: Dodged            |    25 |    24 ||    49
Block: Shield            |    38 |    54 ||    92
